Cogmind - Beta 12 @@@ ROGUE MODE // 2023.05.12 @ 01:35:02 Player: Barleymor Result: Core destroyed Performance ------------- Evolutions (1) 500 Regions Visited (3) 600 Robots Destroyed (32) 160 Value Destroyed (785) 785 Prototype IDs (3) 60 Alien Tech Used (0) 0 Bonus (22) 22 TOTAL SCORE: 2127 Bonus ------- High Alert Combat Kills 22 Cogmind --------- Core Integrity 0/400 Matter 250/300 Energy 289/305 System Corruption 0% Temperature Critical (611) Movement Walking (200) Ox1 Location -9/Mines Parts ------- > --- POWER (2) -------- Reinforced Ion Engine Light Deuterium Engine > --- PROPULSION (3) --- Titanium Leg Titanium Leg Titanium Leg > --- UTILITY (2) ------ Large Storage Unit > --- WEAPON (2) ------- Medium Laser Advanced Beam Cannon > --- INVENTORY (15) --- Titanium Leg Titanium Leg Titanium Leg Spread Laser Peak State ------------ > --- POWER ------------ Light Deuterium Engine Light Deuterium Engine > --- PROPULSION ------- Titanium Leg Titanium Leg Titanium Leg > --- UTILITY ---------- Large Storage Unit Power Shielding > --- WEAPON ----------- Medium Laser Rocket Launcher > --- INVENTORY -------- Titanium Leg Improved EM Shotgun Spread Laser Advanced Beam Cannon [Rating: 21] Favorites ----------- Power Light Deuterium Engine Engine Light Deuterium Engine Propulsion Light Treads Treads Light Treads Leg Titanium Leg Wheel Wheel Utility Large Storage Unit Storage Large Storage Unit Protection Power Shielding Weapon Medium Laser Energy Gun Medium Laser Energy Cannon Advanced Beam Cannon Ballistic Gun Assault Rifle Launcher Rocket Launcher Build | -11 -10 -9 -9 ------- Run | Jun Mat Mat Min Slots Evolved 2 | . . 2 . Power 1 | . . 1 . Propulsion 1 | . . 1 . Utility . | . . . . Weapon . | . . . . Parts Attached 26 | 9 4 11 2 Power 6 | 1 1 3 1 Engine 6 | 1 1 3 1 Core . | . . . . Reactor . | . . . . Propulsion 9 | 4 . 5 . Treads 4 | 2 . 2 . Leg 3 | . . 3 . Wheel 2 | 2 . . . Hover . | . . . . Flight . | . . . . Utility 4 | 1 3 . . Device . | . . . . Storage 2 | 1 1 . . Processor . | . . . . Hackware . | . . . . Protection 2 | . 2 . . Artifact . | . . . . Weapon 7 | 3 . 3 1 Energy Gun 4 | 2 . 2 . Energy Cannon 1 | . . . 1 Ballistic Gun 1 | 1 . . . Ballistic Cannon . | . . . . Launcher 1 | . . 1 . Special Weapon . | . . . . Impact Weapon . | . . . . Slashing Weapon . | . . . . Piercing Weapon . | . . . . Special Melee Weapon . | . . . . Unidentified Prototypes 1 | . . . 1 Parts Lost 3 | . . 2 1 Power 1 | . . 1 . Propulsion . | . . . . Utility 1 | . . . 1 Weapon 1 | . . 1 . Highest Loss Streak 2 | . . 2 1 To Critical Strikes . | . . . . Average Slot Usage (%) 95 | . 91 96 97 Engine 18 | . 14 20 21 Treads 22 | . 28 26 . Leg 7 | . . 5 33 Storage 12 | . 14 11 11 Protection 9 | . 6 11 10 Energy Gun 13 | . 14 11 21 Ballistic Gun 8 | . 14 6 . Launcher 2 | . . 3 . Naked Turns . | . . . . Heaviest Build 41 | 12 30 37 41 Greatest Support 60 | 40 40 60 51 Greatest Overweight (x) 2 | . . 2 1 Average Overweight (x) . | . . . . Largest Inventory Capacity 15 | 8 15 15 15 Average Capacity 14 | 7 14 15 15 Most Carried 6 | 4 4 6 5 Average Carried 2 | 1 1 3 4 Final Capacity 15 | 8 15 15 15 Final Carried 4 | 1 3 4 4 Class Distribution -------------------- 100% | Mutant Dominant Class ---------------- Mutant | -10/Materials Mutant | -9/Materials Mutant | -9/Mines Resources | -11 -10 -9 -9 ----------- Run | Jun Mat Mat Min Matter Collected 670 | 241 62 310 57 Remotely . | . . . . Salvage Created 827 | . 62 530 235 Parts 54 | . 4 37 13 Haulers Intercepted 1 | . . 1 . Recyclers Shooed 2 | . . 2 . Parts Field Recycled . | . . . . Retrieved Matter . | . . . . Parts Self-Destructed . | . . . . Prevented . | . . . . Kills | -11 -10 -9 -9 ------- Run | Jun Mat Mat Min Combat Hostiles Destroyed 25 | . 1 17 7 Guns 16 | . 1 9 6 Cannons 1 | . . . 1 AOE 8 | . . 8 . Classes Destroyed 8 | . 2 5 1 Worker 1 | . . 1 . Hauler 1 | . . 1 . Recycler 1 | . . 1 . Watcher 4 | . 2 2 . Swarmer 10 | . 1 7 2 Grunt 10 | . . 6 4 Brawler 1 | . . . 1 Sentry 4 | . . 4 . Best Kill Streak 5 | . 2 5 5 Combat Bots Only 5 | . 1 4 5 Max Kills in Single Turn 3 | . 1 3 1 Gunslinging . | . . . . Exploded 2 | . . 2 . Melee . | . . . . Uniques/NPCs Destroyed . | . . . . Combat | -11 -10 -9 -9 -------- Run | Jun Mat Mat Min Damage Taken 1484 | . 17 800 667 Core 466 | . . 174 292 Absorbed by Shields . | . . . . Redirected to Shielding 51 | . . 38 13 Core Remaining (%) 100 | 100 100 . . Volleys Fired 64 | . 5 41 18 Largest 2 | . 2 2 2 Hottest 115 | . 70 83 115 Shots Fired 117 | . 10 78 29 Gun 100 | . 10 65 25 Cannon 4 | . . . 4 Launcher 13 | . . 13 . Special . | . . . . Kinetic 29 | . 5 24 . Thermal 75 | . 5 41 29 Explosive 13 | . . 13 . Electromagnetic . | . . . . Robot Hit Streak 9 | . 3 9 6 Robot Miss Streak 7 | . 2 6 7 Penetration Max . | . . . . Secondary Targets 6 | . . 2 4 Max Gunslinging Chain 1 | . . 1 1 Shots Hit Robots 61 | . 6 35 20 Core Hits 52 | . 3 33 16 Critical Kills 1 | . . 1 . Critical Parts Destroyed . | . . . . Critical Strikes 6 | . 1 3 2 Burn 5 | . 1 2 2 Destroy 1 | . . 1 . Melee Attacks . | . . . . Impact . | . . . . Slashing . | . . . . Piercing . | . . . . Sneak Attacks . | . . . . Combat Hostiles . | . . . . Follow-up Attacks . | . . . . Damage Inflicted 1867 | . 77 1517 273 Guns 723 | . 77 436 210 Cannons 63 | . . . 63 Explosions 1081 | . . 1081 . Melee . | . . . . Ramming . | . . . . Kinetic 249 | . 39 210 . Thermal 537 | . 38 226 273 Explosive 1081 | . . 1081 . Electromagnetic . | . . . . Impact . | . . . . Slashing . | . . . . Piercing . | . . . . Highest Corruption . | . . . . Average Corruption . | . . . . Corruption Purged . | . . . . Corruption Blocked . | . . . . Overload Shots . | . . . . Overflow Damage 45 | . . 32 13 Projectiles 13 | . . . 13 Explosions 32 | . . 32 . Melee . | . . . . Knockbacks . | . . . . Impact . | . . . . Kinetic . | . . . . Secondary . | . . . . Self-Inflicted Damage 159 | . . 159 . Shots 3 | . . 3 . Rammed . | . . . . Targets Rammed . | . . . . Kicked . | . . . . Crushed . | . . . . Highest Temperature 611 | . 18 233 611 Average Temperature 131 | . 9 75 319 Received Heat Transfer 282 | . . 189 93 Effects 26 | . . 1 25 Shutdowns 7 | . . . 7 Energy Bleed 3 | . . 1 2 Interference 1 | . . . 1 Matter Decay 1 | . . . 1 Short Circuit 2 | . . . 2 Damage (major) 9 | . . . 9 Damage (core) 3 | . . . 3 Siege Activations . | . . . . Robots Corrupted . | . . . . Combat Hostiles . | . . . . Parts Fried . | . . . . Impact Corruptions . | . . . . Robots Melted . | . . . . Combat Hostiles . | . . . . Parts Melted 4 | . 1 3 . Heat Transferred 1721 | . 185 814 722 Parts Sabotaged . | . . . . Parts Stolen . | . . . . Parts Stripped . | . . . . Power Chain Reactions . | . . . . Missiles Intercepted . | . . . . Alert | -11 -10 -9 -9 ------- Run | Jun Mat Mat Min Peak Influence 512 | . 34 512 374 Initial 199 | . . . 199 Average 150 | . 21 218 261 Maximum Alert Level 2 | . . 2 1 Low Security (%) 61 | 100 100 49 1 Level 1 26 | . . 26 98 Level 2 12 | . . 24 . Level 3 . | . . . . Level 4 . | . . . . Level 5 . | . . . . High Security . | . . . . Max Security . | . . . . Squads Dispatched 1 | . . 1 . Investigation . | . . . . Extermination . | . . . . Reinforcement 1 | . . 1 . Assault . | . . . . Garrison . | . . . . Intercept . | . . . . Searches Triggered . | . . . . Construction Impeded . | . . . . Haulers Reinforced . | . . . . Active Scanning Responses . | . . . . Cargo Convoy Interrupts . | . . . . Stealth | -11 -10 -9 -9 --------- Run | Jun Mat Mat Min Distress Signals 2 | . 1 1 . Communications Jammed . | . . . . Distress Signals . | . . . . Times Spotted 36 | . 3 24 9 Peak Tracking Total 7 | . 3 5 7 Tactical Retreats 2 | . . 2 . Traps | -11 -10 -9 -9 ------- Run | Jun Mat Mat Min Traps Triggered . | . . . . Indirectly . | . . . . Trap Hack Attempts . | . . . . Triggered . | . . . . Disarmed . | . . . . Reprogrammed . | . . . . Reused . | . . . . Traps Extracted . | . . . . Installed . | . . . . Triggered . | . . . . Machines | -11 -10 -9 -9 ---------- Run | Jun Mat Mat Min Machines Disabled 3 | . . 3 . Max in Single Turn 1 | . . 1 . Machines Repaired . | . . . . Machines Sabotaged . | . . . . Overloaded Fab Kills . | . . . . Hacking | -11 -10 -9 -9 --------- Run | Jun Mat Mat Min Machines Accessed 5 | . 3 2 . Terminals 4 | . 2 2 . Fabricators . | . . . . Repair Stations 1 | . 1 . . Recycling Units . | . . . . Scanalyzers . | . . . . Garrison Access . | . . . . Total Hacks 9 | . 5 4 . Successful 5 | . 3 2 . Failed 4 | . 2 2 . Catastrophic . | . . . . Database Lockouts . | . . . . Manual . | . . . . Terminals 6 | . 2 4 . Fabricators . | . . . . Repair Stations 3 | . 3 . . Recycling Units . | . . . . Scanalyzers . | . . . . Garrison Access . | . . . . Terminal Hacks 4 | . 2 2 . Record 2 | . 2 . . Prototype ID Bank 1 | . . 1 . Locate Traps 1 | . . 1 . Fabricator Hacks . | . . . . Repair Station Hacks 1 | . 1 . . Scan Component 1 | . 1 . . Recycling Unit Hacks . | . . . . Scanalyzer . | . . . . Garrison Access Hacks . | . . . . Unauthorized Hacks . | . . . . Terminals . | . . . . Fabricators . | . . . . Repair Stations . | . . . . Recycling Units . | . . . . Scanalyzers . | . . . . Garrison Access . | . . . . Data Cores Recovered . | . . . . Used . | . . . . Hacking Detections 3 | . 2 1 . Full Trace Events . | . . . . Feedback Events . | . . . . Feedback Blocked . | . . . . Robot Schematics Acquired . | . . . . Robots Built . | . . . . Authchips . | . . . . Time . | . . . . Total Robot Build Rating . | . . . . Part Schematics Acquired . | . . . . Parts Built . | . . . . Authchips . | . . . . Time . | . . . . Total Part Build Rating . | . . . . Parts Repaired . | . . . . Time . | . . . . Parts Recycled . | . . . . Recycled Matter . | . . . . Retrieved Matter . | . . . . Retrieved Components . | . . . . Parts Scanalyzed . | . . . . Part Schematics Acquired . | . . . . Parts Damaged . | . . . . Bothacking | -11 -10 -9 -9 ------------ Run | Jun Mat Mat Min Used RIF Installer . | . . . . Robots Hacked . | . . . . Non-combat . | . . . . Combat . | . . . . Robot Hacks Applied . | . . . . Relay Couplers Released . | . . . . Fabnet Peak Effective % . | . . . . Robots Rewired . | . . . . Allies Hacked . | . . . . Hacks Repelled . | . . . . Allies | -11 -10 -9 -9 -------- Run | Jun Mat Mat Min Total Allies . | . . . . Largest Group . | . . . . Highest-Rated Group . | . . . . Highest-Rated Ally . | . . . . Total Orders . | . . . . Ally Attacks . | . . . . Total Damage . | . . . . Kills . | . . . . Allies Corrupted . | . . . . Allies Melted . | . . . . Intel | -11 -10 -9 -9 ------- Run | Jun Mat Mat Min Robot Analysis Total . | . . . . Derelict Logs Recovered 1 | . . . 1 Drone Launches . | . . . . Drone Recoveries . | . . . . Exploration | -11 -10 -9 -9 ------------- Run | Jun Mat Mat Min Turns Passed 1499 | 70 483 733 213 Spaces Moved 796 | 47 276 353 120 Core 15 | 15 . . . Treads 573 | 20 276 277 . Legs 196 | . . 76 120 Wheels 12 | 12 . . . Hover . | . . . . Flight . | . . . . Fastest Speed 50 | 50 160 130 130 Average Speed 149 | 107 160 154 131 Slowest Speed 270 | 160 160 270 200 Overloaded Moves . | . . . . Propulsion Burnouts . | . . . . Robots Hopped . | . . . . Cave-ins Triggered . | . . . . Exploration Rate (%) 29 | 4 40 36 38 Regions Visited 3 Branch Regions 1 Pre-discovered Areas . | . . . . Known Exits Taken . | . . . . Unknown Exits Taken 3 | 1 1 1 . Scrap Searched . | . . . . Spaces Dug . | . . . . Terrain Destroyed 152 | . . 152 . Melee . | . . . . Projectile . | . . . . AOE 152 | . . 152 . Terrain Rammed . | . . . . Walls Destroyed . | . . . . Machines Disabled . | . . . . Actions | -11 -10 -9 -9 --------- Run | Jun Mat Mat Min Total 996 | 69 309 470 148 Wait 60 | . 17 37 6 Move 793 | 46 275 352 120 Hop . | . . . . Pick Up 32 | 10 5 16 1 Fast Attach . | . . . . Attach 26 | 9 4 11 2 Detach 4 | 1 1 1 1 Swap . | . . . . Drop 17 | 3 2 12 . Fire 64 | . 5 41 18 Melee . | . . . . Ram . | . . . . Kick . | . . . . Crush . | . . . . Escape Stasis . | . . . . Rewire . | . . . . Trap . | . . . . Miscellaneous . | . . . . Route ------- -11/Junkyard -10/Materials -9/Materials -9/Mines History --------- Turn | Location | Event 2 | -11/Junkyard | Met Revision 17 44 | -11/Junkyard | Discovered new exit (range 12) 71 | -11/Junkyard | Entered Materials 236 | -10/Materials | Discovered new exit (range 16) 345 | -10/Materials | Build established: Mutant 554 | -10/Materials | Entered another Materials area 554 | -9/Materials | Evolved 2 slots: Power x1, Propulsion x1 1246 | -9/Materials | Discovered new exit (range 13) 1287 | -9/Materials | Entered Mines 1291 | -9/Mines | Core integrity fell below 50% 1315 | -9/Mines | Met a Derelict bent on vengeance 1488 | -9/Mines | Core integrity fell below 20% 1501 | -9/Mines | Core destroyed Last Messages --------------- 01493_ Power failure, Lgt. Deuterium Engine shutdown. 01493_ Destroyed Flight Unit. 01494_ Overheating: Titanium Leg damaged (-28). 01494_ Overheating: Adv. Beam Cannon damaged (-84). 01494_ Overheating: Rnf. Ion Engine damaged (-39). 01494_ Overheating: Titanium Leg damaged (-46). 01494_ K-01 Serf collects debris. 01495_ Overheating: Broken Titanium Leg damaged (-27). 01495_ Overheating: Titanium Leg damaged (-12). 01496_ S-10 Pest suffers critical hit (Destroy). 01497_ Overheating: Matter decay (-40). 01497_ Destroyed Lgt. Ion Engine. 01497_ K-01 Serf collects debris. 01498_ Overheating: Broken Titanium Leg damaged (-19). 01499_ Power failure, Rnf. Ion Engine shutdown. 01499_ Power failure, Lgt. Deuterium Engine shutdown. 01499_ Overheating: Lrg. Storage Unit damaged (-121). 01499_ Overheating: Broken Titanium Leg damaged (-4). 01499_ S-10 Pest destroyed. 01501_ Overheating: Core damaged (-68). Map ----- +----------------------------------------------------+ | | | | | | | | | | | ???????????????????????????????????? | | ???????????????????????????????????? | | ???????????????????????????????????? | | ???????????????????????????????????? | | ???????????????????????????????????? | | ???????????????????????????????????? | | ???????????????????????????????????? | | ???????????????????????????????????? | | ???????????????????????????????????? | | ???????????????????????????????????? | | ???????????????????????????????????? | | ???????????????????????????????????? | | ???????????????????????????????????? | | ??????????????????##???????????????? | | ????????????????# ""??????????????? | | ????????????????# """?????????????? | | ????????????????# """ #####???????? | | ????????????????# #???????? | | ????????????????# ## %#???????? | | ???????????????# ???#ss#???????? | | ??????????????###?????#@%#???????? | | ??????????????????????# #???????? | | ###?????????????????### #####???? | | ##????###???????## =! ##??? | | ###?## ##??????# %=% #??? | | ### #??????# *=% #??? | | #??????# k #??? | | # #???????## ## ##?? | | ?# ########?# ##### #?? | | ?# ## ### #???## #?? | | ??# #????# ##?? | | ???# ## #????# #??? | | ??## ## #????# #??? | | ### ### #????# #??? | | ###### ## #????# #??? | | #???## ### #????# #??? | | #????## #?# ????# #??? | | ##?????####? ????# $#??? | | ##########??????????? ????# #??? | | #???????????????????? ????# #??? | | #???????????????????? ????# #??? | | #???????????????????? ????# ???? | | #???????????????????? #????# ???? | | #????????????????????##?????# ???? | | ???????????????????????????? ???? | +----------------------------------------------------+ Best States ------------- Heat Dissipation 28 Energy Generation 23 Energy Capacity 415 Matter Stores 300 Matter Capacity 300 Sight Range 16 Terrain Scan Density 10 Power Shielding 33 Evasion (%) 55 Recoil Reduction 3 Item Schematics ----------------- None Robot Schematics ------------------ None Fabricated ------------ Nothing Alien Tech Used ----------------- None Achievements -------------- None Challenges ------------ None Game ------ Seed OmegaCooledMediator Manual? 0 Play Time 00:30:32 Cumulative 24.8 hours Start 2023.05.12 @ 01:06:26 End 2023.05.12 @ 01:35:02 Sessions 1 Manual Loads 0 Difficulty Rogue Special Mode None Game No. 20 Rogue 20 Adventurer 0 Explorer 0 Win Type - Total 0 Types 0/0/0/0/0/0/0/0/0 Lore% 5 Gallery% 23 Achievement% 19 Wizard Run 0 Options --------- ASCII 0 Keyboard 0 Movement Numpad Keybinds 0 Fullscreen 1 Font 18/SmallcapsGlow Map View 76x50 Tactical HUD 1 Map Filters NONE Filters NONE Steam 1 RUN: e6b9ef70-5630-4108-b0d0-4a5d05ad5e70